 Dungeon Crawl Stone Soup version 0.24-b1 (webtiles) character file.

Game seed: 17086981785843791877, levelgen mode: deterministic

598326 MisterOstroum the Wrestler (level 26, -12/306 HPs)
             Began as a Troll Venom Mage on Oct 11, 2019.
             Was the Champion of Okawaru.
             Mangled by an Orb Guardian (20 damage)
             ... on level 5 of the Realm of Zot on Oct 13, 2019.
             The game lasted 03:56:00 (67145 turns).

MisterOstroum the Wrestler (Troll Venom Mage)      Turns: 67145, Time: 03:56:00

Health: -12/306    AC: 31    Str: 33    XL:     26   Next: 41%
Magic:  0/23       EV: 29    Int:  9    God:    Okawaru [******]
Gold:   3193       SH: 28    Dex: 28    Spells: 27/27 levels left

rFire    + . .     SeeInvis .     - Unarmed
rCold    + + +     Gourm    +   w - +2 large shield {reflect}
rNeg     + . .     Faith    .   c - +3 gold dragon scales
rPois    +         Spirit   +   B - +1 hat of Hiorgh {-Tele rC+ Str+4 Dex+8}
rElec    +         Reflect  +   J - +1 cloak of Starlight {rElec rC+ EV+4 Stlth--}
rCorr    .         Harm     .   (gloves unavailable)
MR       +....     Rnd*Rage +   (boots unavailable) Stlth ..........NoTele +
                                h - amulet of guardian spirit (curse)
HPRegen  1.01/turn              f - ring "Inwainan" {rElec rPois AC+1}
MPRegen  0.18/turn              d - ring "Qiowemp" {+Fly rC+ rN+ Dex+5}

@: agile, heroism, marked, berserk cooldown, slowed, very slow
A: large, unfitting armour, claws 3, icy blue scales 1, berserk 1, blurry vision
1, clumsy 1, deformed body, deterioration 1, dopey 1, fast metabolism 3,
gourmand, low mp 2, regeneration 1, robust 1, screaming 1, shaggy fur 1,
teleportitis 1, tough skin 3, wild magic 1, no potion heal 3
}: 3/15 runes: barnacled, silver, gossamer
a: Heroism, Finesse, Renounce Religion, Evoke Flight


You were on level 5 of the Realm of Zot.
You worshipped Okawaru.
Okawaru was exalted by your worship.
You were very full.

You visited 8 branches of the dungeon, and saw 46 of its levels.
You visited the Abyss 2 times.
You visited 1 bazaar.
You also visited: Bailey and Ice Cave.

You collected 6006 gold pieces.
You spent 2813 gold pieces at shops.

Inventory:

Missiles
 k - 98 silver javelins
 N - 7 throwing nets {!f}
 O - 146 large rocks (quivered)
 Q - 45 javelins
Armour
 c - +3 gold dragon scales (worn)
 q - a +2 hat of magic resistance
 w - a +2 large shield of reflection (worn)
 B - the +1 hat of Hiorgh (worn) {-Tele rC+ Str+4 Dex+8}
   (Okawaru gifted it to you on level 4 of the Spider Nest)

   It affects your strength (+4).
   It affects your dexterity (+8).
   It protects you from cold.
   It prevents most forms of teleportation.
 J - the +1 cloak of Starlight (worn) {rElec rC+ EV+4 Stlth--}
   (You found it on level 5 of the Vaults)

   It affects your evasion (+4).
   It protects you from cold.
   It insulates you from electricity.
   It makes you much less stealthy.
Jewellery
 d - the ring "Qiowemp" (right claw) {+Fly rC+ rN+ Dex+5}
   (You found it on level 6 of the Dungeon)

   [ring of protection from cold]

   It affects your dexterity (+5).
   It protects you from cold.
   It protects you from negative energy.
   It lets you fly.
 f - the ring "Inwainan" (left claw) {rElec rPois AC+1}
   (You bought it in a shop on level 7 of the Dungeon)

   [ring of protection]

   It affects your AC (+1).
   It insulates you from electricity.
   It protects you from poison.
 h - a cursed amulet of guardian spirit (around neck)
 l - an uncursed ring of resist corrosion
 v - an uncursed ring of protection from fire
 x - an uncursed ring of protection from magic
 W - an uncursed ring of see invisible
Wands
 o - a wand of paralysis (13)
 p - a wand of polymorph (8)
 u - a wand of enslavement (21)
 K - a wand of digging (6)
 L - a wand of clouds (14)
 Y - a wand of iceblast (26)
 Z - a wand of scattershot (8)
Scrolls
 a - 21 scrolls of identify {@r1}
 i - a scroll of holy word
 j - 2 scrolls of torment
 r - 7 scrolls of fear {!r}
 s - 5 scrolls of teleportation {@r3 !r}
 y - 4 scrolls of blinking {@r4}
 E - 2 scrolls of silence
 F - 5 scrolls of remove curse {@r2}
 H - 10 scrolls of immolation
 T - 5 scrolls of fog {!r}
Potions
 g - 6 potions of might {@q3 !q}
 m - 26 potions of curing {@q1 !q}
 n - 9 potions of heal wounds {@q2 !q}
 t - 6 potions of flight
 z - 3 potions of haste {@q4 !q}
 A - 4 potions of lignification {@q6}
 D - 5 potions of resistance
 G - 2 potions of agility {@q5 !q}
 P - 3 potions of mutation
 R - 4 potions of cancellation
Miscellaneous
 b - a phial of floods
 I - a lamp of fire
 U - a lightning rod (4/4)
 V - 2 sacks of spiders
Comestibles
 e - 73 rations


   Skills:
 - Level 19.0(24.0) Fighting
 - Level 10.6(15.6) Throwing
 + Level 15.9(20.9) Armour
 + Level 14.5(19.5) Dodging
 - Level 1.0(6.0) Stealth
 - Level 15.0(20.0) Shields
 - Level 22.0(27) Unarmed Combat
 - Level 1.2 Spellcasting
   Level 0.6 Conjurations
   Level 2.1 Poison Magic
 - Level 10.2 Invocations
 - Level 10.0 Evocations


You had 27 spell levels left.
You didn't know any spells.
Your spell library contained the following spells:

 Spells                   Type           Power        Failure   Level  Hunger
 Sting                    Conj/Pois      #...         88%         1    ##.....
 Magic Dart               Conj           #...         95%         1    ##.....
 Flame Tongue             Conj/Fire      #....        96%         1    ##.....
 Animate Skeleton         Necr           N/A          97%         1    ##.....
 Apportation              Tloc           #.....       97%         1    ##.....
 Beastly Appendage        Tmut           #.....       97%         1    ##.....
 Confusing Touch          Hex            #.....       97%         1    ##.....
 Corona                   Hex            #......      97%         1    ##.....
 Infusion                 Chrm           #...         97%         1    ##.....
 Sandblast                Erth           #.....       97%         1    ##.....
 Summon Small Mammal      Summ           #...         97%         1    ##.....
 Poisonous Vapours        Pois/Air       #.....       97%         2    ###....
 Blink                    Tloc           N/A          99%         2    ###....
 Call Imp                 Summ           #.......     99%         2    ###....
 Ensorcelled Hibernation  Hex/Ice        #.....       99%         2    ###....
 Passwall                 Tmut/Erth      #.......     99%         2    ###....
 Shroud of Golubria       Chrm/Tloc      #.....       99%         2    ###....
 Slow                     Hex            #.......     99%         2    ###....
 Song of Slaying          Chrm           #.......     99%         2    ###....
 Sticks to Snakes         Tmut           #.......     99%         2    ###....
 Spider Form              Tmut/Pois      #.........   99%         3    ####...
 Confuse                  Hex            #.......     100%        3    ####...
 Conjure Flame            Conj/Fire      #.......     100%        3    ####...
 Dazzling Spray           Conj/Hex       #.....       100%        3    ####...
 Mephitic Cloud           Conj/Pois/Air  #.......     100%        3    ####...
 Recall                   Summ/Tloc      N/A          100%        3    ####...
 Regeneration             Chrm/Necr      #.........   100%        3    ####...
 Spectral Weapon          Hex/Chrm       #.......     100%        3    ####...
 Static Discharge         Conj/Air       #.......     100%        3    ####...
 Stone Arrow              Conj/Erth      #.....       100%        3    ####...
 Tukima's Dance           Hex            #.......     100%        3    ####...
 Cause Fear               Hex            #.........   100%        4    #####..
 Ice Form                 Ice/Tmut       #.......     100%        4    #####..
 Olgreb's Toxic Radiance  Pois           #.......     100%        4    #####..
 Petrify                  Tmut/Erth      #.......     100%        4    #####..
 Sticky Flame             Conj/Fire      #.......     100%        4    #####..
 Summon Lightning Spire   Summ/Air       #.......     100%        4    #####..
 Aura of Abjuration       Summ           #.........   100%        5    ######.
 Blade Hands              Tmut           #.........   100%        5    ######.
 Fireball                 Conj/Fire      #.........   100%        5    ######.
 Lee's Rapid Deconstruct  Erth           #.........   100%        5    ######.
 Lightning Bolt           Conj/Air       #.........   100%        5    ######.
 Silence                  Hex/Air        #.........   100%        5    ######.
 Summon Demon             Summ           #.........   100%        5    ######.
 Summon Forest            Summ/Tloc      #.........   100%        5    ######.
 Summon Mana Viper        Hex/Summ       #.......     100%        5    ######.
 Venom Bolt               Conj/Pois      #.........   100%        5    ######.
 Yara's Violent Unravell  Hex/Tmut       #.........   100%        5    ######.
 Bolt of Fire             Conj/Fire      #.........   100%        6    #######
 Conjure Ball Lightning   Conj/Air       #.........   100%        6    #######
 Deflect Missiles         Chrm/Air       #.........   100%        6    #######
 Freezing Cloud           Conj/Ice/Air   #.........   100%        6    #######
 Iron Shot                Conj/Erth      #.........   100%        6    #######
 Shadow Creatures         Summ           N/A          100%        6    #######
 Ring of Flames           Chrm/Fire      #.........   100%        7    #######
 Discord                  Hex            #.........   100%        8    #######
 Ignition                 Fire           #.........   100%        8    #######
 Shatter                  Erth           #.........   100%        9    #######
 Tornado                  Air            #.........   100%        9    #######


Dungeon Overview and Level Annotations

Branches:
Dungeon (15/15)            Temple (0/1) D:5            Lair (6/6) D:11
 Shoals (4/4) Lair:3       Spider (4/4) Lair:4        Slime (0/5) Lair:5
    Orc (2/2) D:10            Elf (0/3) Orc:2        Vaults (5/5) D:14
  Crypt (0/3) Vaults:3     Depths (5/5) D:15            Zot (5/5) Depths:5
 Bailey (visited)           IceCv (visited)

Altars:
Cheibriados
Fedhas
Gozag
Hepliaklqana
Kikubaaqudgha
Nemelex Xobeh
Okawaru
Qazlal
Xom
Zin
The Shining One
Beogh
Jiyva

Shops:
D:7 (=%(   D:8 :?   D:12 }   Orc:2 !(:}   Vaults:2 :   Vaults:3 ?
Vaults:4 !([   Vaults:5 *[

Portals:
Hell: Depths:1 Depths:2 Depths:3 Depths:4 Depths:5
Abyss: Depths:4
Pandemonium: Depths:3 Depths:4
Ziggurat: Depths:3
Trove: Depths:5 (give 11 potions of heal wounds)

Annotations:
D:15 2 transporters, Jiopn's ghost, adept MiBe
Lair:2 exclusion: door
Shoals:2 exclusion: oklob plant
Vaults:2 1 runed translucent door, DEFE's ghost, adept DsFi
Vaults:4 3 runed translucent doors, exclusion: 3 doors, Qyisuosupp's ghost, adept MiBe; Ruit's ghost, veteran MiFi; Taschum's ghost, adept DrAK
Depths:5 exclusion: 3 doors
Zot:5 3 exclusions


Innate Abilities, Weirdness & Mutations

You are too large for most types of armour.
You have claws for hands.
Your metabolism is lightning-fast.
You like to eat raw meat.
Your natural rate of healing is unusually fast.
You are covered in fur. (AC +1)
You have extremely tough skin. (AC +3)
You are partially covered in icy blue scales. (AC +2)
You tend to lose your temper in combat.
Scrolls take you a little longer to read.
You are clumsy. (Dex -2)
Armour fits poorly on your strangely shaped body.
Your body sometimes deteriorates upon taking damage.
You are dopey. (Int -2)
Your magical capacity is very low. (-20% MP)
You are robust. (+10% HP)
You occasionally shout uncontrollably at your foes.
You are occasionally teleported next to monsters.
Your spells are a little harder to cast, but a little more powerful.
Potions cannot restore your health.


Message History

The Orb Guardian is almost dead.
The Orb Guardian is engulfed in poison gas.
The Orb Guardian looks as sick as possible!
The moth of wrath goads something on!
The Orb Guardian is engulfed in poison gas.
The Orb Guardian looks even sicker.
You claw the Orb Guardian!
The Orb Guardian is almost dead.
The Orb Guardian hits you!!
* * * LOW HITPOINT WARNING * * *
You block the Orb Guardian's attack. x2
The Orb Guardian is engulfed in poison gas.
The Orb Guardian looks as sick as possible!
You block the Orb Guardian's attack. The Orb Guardian barely misses you.
You barely miss the Orb Guardian.
The Orb Guardian is almost dead.
A yellow draconian comes into view.
It is wielding a +1 dire flail of protection.
You block the Orb Guardian's attack.
The Orb Guardian is engulfed in poison gas.
The Orb Guardian looks as sick as possible!
You block the Orb Guardian's attack.
The Killer Klown blinks!
You eviscerate the Orb Guardian!!!!
You kill the Orb Guardian!
Okawaru accepts your kill.
The Orb Guardian is engulfed in poison gas.
The Orb Guardian looks even sicker.
The Orb Guardian closely misses you.
The Orb Guardian is engulfed in poison gas.
The Orb Guardian looks as sick as possible!
The Orb Guardian barely misses you.
You claw the Orb Guardian!
The Orb Guardian is lightly wounded.
The Orb Guardian misses you. You block the Orb Guardian's attack.
You scratch the Orb Guardian.
The Orb Guardian is lightly wounded.
The Orb Guardian is engulfed in poison gas.
The Orb Guardian looks as sick as possible!
The Orb Guardian hits you!!!
* * * LOW HITPOINT WARNING * * *
The Orb Guardian is engulfed in poison gas.
The Orb Guardian looks as sick as possible!
The Orb Guardian is engulfed in poison gas.
The Orb Guardian looks as sick as possible!
The Killer Klown blinks!
The Orb Guardian hits you.
* * * LOW HITPOINT WARNING * * *
You block the Orb Guardian's attack. The Orb Guardian closely misses you.
A white draconian comes into view. It is wielding a +1 vampiric trident.
You eviscerate the Orb Guardian!!!
The Orb Guardian is heavily wounded.
You block the Orb Guardian's attack. x2
You mangle the Orb Guardian!!
The Orb Guardian is almost dead.
You block the Orb Guardian's attack.
The Orb Guardian is engulfed in poison gas.
The Orb Guardian looks as sick as possible!
The Orb Guardian is engulfed in poison gas.
The Orb Guardian looks as sick as possible!
The Orb Guardian is engulfed in poison gas.
The Orb Guardian looks as sick as possible!
The moth of wrath goads the Orb Guardian on!
The Orb Guardian goes berserk!
The Orb Guardian misses you.
The moth of wrath goads the white draconian monk on!
The white draconian monk goes berserk!
You block the Orb Guardian's attack. The Orb Guardian hits you!
* * * LOW HITPOINT WARNING * * *
You mangle the Orb Guardian!!
The Orb Guardian is almost dead.
You are no longer berserk.
You are exhausted.
You feel yourself slow down. You block the Orb Guardian's attack. x2
Unknown command.
You cannot blink because you are wearing the +1 hat of Hiorgh {-Tele rC+ Str+4 Dex+8}.
Unknown command.
Really read
r - 7 scrolls of fear {!r}?
Really read with blurry vision while enemies are nearby?
The Orb Guardian is engulfed in poison gas.
The Orb Guardian looks as sick as possible!
You block the Orb Guardian's attack. x2
The Orb Guardian is engulfed in poison gas.
The Orb Guardian looks as sick as possible!
The Orb Guardian is engulfed in poison gas.
The Orb Guardian looks as sick as possible!
The Orb Guardian completely misses you. You block the Orb Guardian's attack.
The Orb Guardian is engulfed in poison gas.
The Orb Guardian looks as sick as possible!
The Orb Guardian completely misses you.
You begin reading the scroll.
You continue reading the scroll.
You kill the Orb Guardian!
Okawaru accepts your kill. Something appears at your feet!
Okawaru grants you ammunition! You block the Orb Guardian's attack.
The Orb Guardian closely misses you.
The Executioner gestures.
The Executioner seems to speed up.
The Orb Guardian barely misses you.
The electric golem blinks!
You block the Orb Guardian's attack. The Orb Guardian completely misses you.
You block the Orb Guardian's attack. The Orb Guardian hits you!!
* * * LOW HITPOINT WARNING * * *
The moth of wrath goads the yellow draconian on!
The yellow draconian goes berserk!
The Orb Guardian hits you!!
You die...

,**,,,,,,,,,**,,,,,,,,,,,,,,,,,,,
,***,,,,,,,***,,,,,,,,,,,,,,,,,,,
,* ********* *,,,,,,,,,,,,,,,,,,,
** **,,,,,,,,,,,,,,,,,, *
***,,,,,,,,,,,,,,,,
****,,,,,,,,,,,,,
#▓▓▓▓▓▓▓▓▓▓***8,,, ##
###XXDXXy....,,,,,,, .##
##pX@X##D.^...,,,,,,,
§§###########q1X###,,.....,,,,,,,
§§§....^...dd{{##*,,,,....,,,,,,,
#§.......d.ddd## *,,,,,...,,,,,,,
#§.......§..§y# *,,,,,,..,,,,,,,
##.......p...## *,,,,,,,.,,,,,,,
#..........)# *,,,,,,,,,,,,,,,
##^.^........## *,,,,,,,,,,,,,,,
#.............# **,,,,,,,,,,,,,,


You could see 2 Killer Klowns, a white draconian monk (berserk), a golden
dragon, a black draconian, 2 draconians, a purple draconian, a red draconian, a
white draconian, 7 Orb Guardians, an Executioner and 2 moths of wrath.

Vanquished Creatures
  13 orbs of fire
  3 ancient liches
  2 juggernauts
  A Killer Klown (Zot:5)
  Frederick (Vaults:2)
  Margery (Vaults:3)
  A caustic shrike (Depths:4)
  Jory (Vaults:3)
  6 golden dragons
  Nikola (Shoals:4)
  A hellephant (Abyss:2)
  The ghost of Jeurphysk the Metallomancer, an adept GrEE of Vehumet (Depths:2)
  8 tentacled monstrosities
  8 titans
  11 Orb Guardians (Zot:5)
  5 liches
  Asterion (Vaults:3)
  A deep elf blademaster (Depths:3)
  Polyphemus (Shoals:4)
  4 quicksilver dragons
  A deep elf master archer (Depths:3)
  A tentacled starspawn (Abyss:4)
  6 sphinxes
  An Executioner (Abyss:2)
  5 death cobs
  Donald (Spider:4)
  14 storm dragons
  5 tengu reavers
  7 shadow dragons
  An azure jelly (shapeshifter) (Depths:3)
  A storm dragon (shapeshifter) (Depths:3)
  9 frost giants
  4 deep elf sorcerers
  3 iron dragons
  14 vault wardens
  13 ghost moths
  19 fire giants
  4 emperor scorpions
  2 iron dragons (shapeshifter) (Depths:3)
  Aizul (Shoals:4)
  A deep elf elementalist (Vaults:5)
  An angel (Abyss:2)
  A spriggan defender (Depths:4)
  The ghost of mitkoXXVII the Peltast, an adept GrFi of the Shining One (Shoals:1)
  2 draconian scorchers (Depths:5)
  5 war gargoyles
  15 very ugly things
  16 ironheart preservers
  7 entropy weavers
  25 stone giants
  5 green draconians (Depths:5)
  A vampire knight (Vaults:3)
  A lorocyproca (Depths:2)
  3 black draconians
  4 white draconians
  A purple draconian (Zot:5)
  6 merfolk javelineers
  12 spark wasps
  A minotaur (D:11)
  5 deep elf annihilators
  An ettin (shapeshifter) (Depths:3)
  5 merfolk impalers
  A crystal guardian (Depths:3)
  11 fire dragons
  2 deep elf death magi
  21 yaktaur captains
  3 deep elf high priests (Vaults:5)
  17 ettins
  7 great orbs of eyes
  15 ogre magi
  Josephine (D:14)
  32 vault guards
  A monstrous demonspawn (Depths:4)
  6 rakshasas
  The ghost of Ablot the Thaumaturge, a journeyman GnSk of Okawaru (D:11)
  13 ice dragons
  6 hydras
  A naga warrior (Abyss:2)
  A catoblepas (shapeshifter) (Depths:3)
  8 centaur warriors
  2 juggernaut simulacra (Depths:3)
  4 merfolk avatars (Shoals:4)
  A catoblepas (Shoals:4)
  5 spriggan air magi
  9 death yaks
  5 alligator snapping turtles
  7 dancing weapons
  A death knight (Vaults:4)
  6 deep troll shamans
  5 satyrs (Shoals:4)
  A merfolk aquamancer (Shoals:1)
  2 two-headed ogres (shapeshifter)
  48 two-headed ogres
  6 deep troll earth magi
  3 vampire magi
  8 spriggan berserkers
  6 tengu warriors
  4 deep elf knights
  An orc high priest (Orc:2)
  2 spriggans (Depths:2)
  A shock serpent (Depths:3)
  Sonja (Lair:6)
  4 sixfirhies
  4 wretched stars
  2 skeletal warriors (D:15)
  8 hell knights
  An infernal demonspawn (Depths:4)
  A spark wasp zombie (D:15)
  3 iron trolls (Depths:2)
  2 shadow wraiths
  29 deep trolls
  2 gelid demonspawn (Depths:4)
  3 unseen horrors
  3 glowing orange brains
  11 sea snakes
  Pikel (D:5)
  3 wizards (Vaults:3)
  A swamp dragon (Lair:6)
  4 flayed ghosts
  6 phantasmal warriors
  17 orc knights
  9 deep elf archers
  15 ironbrand convokers
  6 necromancers
  60 ugly things
  8 harpies
  A sphinx zombie (D:15)
  An orb spider (shapeshifter) (D:15)
  22 deep elf magi
  7 orc sorcerers
  An oklob plant (Lair:5)
  A stone giant zombie (Vaults:4)
  31 wolf spiders
  21 orb spiders
  23 fauns
  11 manticores
  7 cyclopes
  A frost giant zombie (Vaults:4)
  6 moths of wrath
  6 elephants (Lair:6)
  2 ice statues
  4 centaur zombies
  5 water nymphs
  9 merfolk sirens
  Psyche (D:8)
  14 vault sentinels
  A fire giant skeleton (Vaults:4)
  A black mamba (shapeshifter) (Vaults:2)
  A smoke demon (Abyss:4)
  6 black mambas
  2 centaur skeletons
  An orange demon (Abyss:2)
  4 torpor snails
  2 gargoyles
  2 naga magi (Depths:3)
  A hellion (Depths:4)
  13 spiny frogs
  An efreet (Depths:3)
  56 yaktaurs
  13 freezing wraiths
  6 rime drakes
  13 demonic crawlers
  A yaktaur (shapeshifter) (Depths:5)
  An ice devil (Depths:4)
  5 komodo dragons
  A hellwing (Abyss:4)
  6 trolls
  A meliai (shapeshifter) (Vaults:4)
  An ancient zyme (Abyss:2)
  2 tengu conjurers
  36 merfolk
  A troll (shapeshifter) (D:13)
  A hornet (shapeshifter) (Vaults:4)
  A jumping spider (shapeshifter) (Depths:4)
  37 jumping spiders
  3 wind drakes (Shoals:3)
  21 blink frogs
  2 saltlings (Vaults:1)
  A tengu simulacrum (Vaults:3)
  16 polar bears
  12 hornets
  A spriggan zombie (D:15)
  7 snapping turtles
  2 stone giant simulacra
  17 slime creatures
  18 dream sheep
  10 hippogriffs
  A hog (shapeshifter) (Depths:1)
  A ynoxinul (Abyss:2)
  A shadow (D:15)
  9 wraiths
  51 redbacks
  2 elf zombies
  The ghost of mishael the Chopper, an amateur MiBe of Trog (D:3)
  2 tarantellas (shapeshifter) (Depths:3)
  11 water elementals
  6 wyverns
  The ghost of Peloso the Shield-Bearer, an amateur MiFi (D:3)
  26 tarantellas
  A human (shapeshifter) (Depths:1)
  79 yaks
  3 hungry ghosts
  14 large abominations
  A steam dragon (Lair:6)
  3 basilisks
  6 chaos spawn
  3 human simulacra
  6 wargs
  3 acid dragons
  A naga (Abyss:2)
  12 water moccasins
  A floating eye (shapeshifter) (Depths:3)
  9 porcupines
  35 orc warriors
  2 swamp drakes (Lair:6)
  An ice beast (D:14)
  A slave (D:5)
  A black bear (shapeshifter) (Vaults:2)
  A black bear (Lair:2)
  A deep troll simulacrum (Depths:1)
  3 sky beasts
  An ice dragon simulacrum (Abyss:4)
  A tengu (shapeshifter) (Vaults:5)
  45 ogres
  7 phantoms
  15 boggarts
  11 centaurs
  26 wolves
  The ghost of lolicon the Chiller, an amateur DgIE (D:3)
  13 crocodiles
  2 crocodiles (shapeshifter) (Vaults:5)
  The ghost of Conn the Firebug, an amateur OpFE (D:3)
  A big kobold (D:7)
  A gnoll sergeant (D:10)
  19 bullfrogs
  A wyvern zombie (D:7)
  A glowing shapeshifter simulacrum (Vaults:4)
  7 small abominations
  A wyvern skeleton (D:11)
  A water moccasin skeleton (D:5)
  4 scorpions
  4 wights (D:6)
  A tengu zombie (Depths:1)
  18 killer bees
  7 howler monkeys
  7 electric eels
  3 crimson imps
  2 quasits (Depths:4)
  3 bullfrog zombies
  6 human zombies
  4 bullfrog skeletons
  4 jellies
  26 orc priests
  Crazy Yiuf (D:6)
  5 hounds
  6 iron imps
  2 human skeletons
  5 iguanas
  12 worker ants
  30 orc wizards
  A hell rat (D:11)
  4 yak simulacra (Lair:4)
  2 polar bear simulacra (Lair:4)
  5 wolf simulacra (Lair:4)
  An ogre zombie (D:12)
  2 hound skeletons
  2 hound zombies
  3 mummies (D:12)
  4 worker ant zombies
  10 gnolls
  A river rat (D:11)
  20 adders
  4 shadow imps
  4 white imps
  An ooze (D:3)
  3 worms
  2 adder skeletons (D:4)
  A dart slug (D:4)
  8 leopard geckos
  135 orcs
  4 ball pythons
  8 giant cockroaches
  16 goblins
  7 hobgoblins
  8 jackals
  5 quokkas
  13 bats
  6 frilled lizards
  A jackal skeleton (D:8)
  12 kobolds
  A leopard gecko skeleton (D:5)
  An orc skeleton (D:12)
  A quokka skeleton (D:7)
  6 rats
  A crawling corpse (Vaults:5)
  5 plants
  3 starspawn tentacles (Abyss:4)
2196 creatures vanquished.

Vanquished Creatures (collateral kills)
  2 Orb Guardians (Zot:5)
  A death cob (Zot:5)
3 creatures vanquished.

Vanquished Creatures (others)
  A merfolk aquamancer (Shoals:1)
  A two-headed ogre (D:11)
  An ogre mage (Depths:2)
  A hell knight (Depths:3)
  An ugly thing (Depths:1)
  A yaktaur (Vaults:1)
  A small abomination (Abyss:2)
  A golden eye (Abyss:4)
  2 boggarts
  2 bullfrogs
  A centaur skeleton (D:5)
  An iguana (Lair:6)
  An orc wizard (Orc:2)
  4 fungi (Lair:6)
  124 plants
  A starspawn tentacle (Abyss:4)
  5 withered plants
149 creatures vanquished.

Grand Total: 2348 creatures vanquished

Notes
Turn   | Place    | Note
-------+----------+-------------------------------------------
     0 | D:1      | MisterOstroum the Troll Venom Mage began the quest for the
                  | Orb.
     0 | D:1      | Reached XP level 1. HP: 16/16 MP: 1/1
    89 | D:1      | Found a sparkling altar of Nemelex Xobeh.
   193 | D:1      | Reached skill level 1 in Unarmed Combat
   219 | D:1      | Reached XP level 2. HP: 26/26 MP: 2/2
   325 | D:1      | Reached skill level 1 in Fighting
   736 | D:2      | Reached XP level 3. HP: 33/33 MP: 3/3
   761 | D:2      | Reached skill level 2 in Unarmed Combat
   847 | D:2      | Noticed a sky beast
   953 | D:2      | Killed a sky beast
   953 | D:2      | Reached skill level 3 in Unarmed Combat
   953 | D:2      | Reached XP level 4. HP: 42/44 MP: 4/4
   963 | D:2      | Reached XP level 5. HP: 36/50 MP: 5/5
  1477 | D:3      | Found a runed translucent gate.
  1477 | D:3      | Found a runed translucent gate.
  1477 | D:3      | Found a runed translucent gate.
  1479 | D:3      | Noticed lolicon's ghost (amateur DgIE)
  1479 | D:3      | Noticed Conn's ghost (amateur OpFE)
  1481 | D:3      | Noticed mishael's ghost (amateur MiBe)
  1510 | D:3      | Reached skill level 1 in Throwing
  1647 | D:3      | Noticed Peloso's ghost (amateur MiFi)
  1894 | D:3      | Reached XP level 6. HP: 55/61 MP: 6/6
  1948 | D:3      | Found a hazy altar of Hepliaklqana.
  2346 | D:4      | Found a blossoming altar of Fedhas.
  2415 | D:4      | Reached XP level 7. HP: 63/71 MP: 7/7
  3015 | D:5      | Entered Level 5 of the Dungeon
  3083 | D:5      | Reached skill level 4 in Unarmed Combat
  3227 | D:5      | Noticed Pikel
  3271 | D:5      | Killed Pikel
  3271 | D:5      | Reached skill level 5 in Fighting
  3271 | D:5      | Reached XP level 8. HP: 47/81 MP: 8/8
  3349 | D:5      | Found an iron altar of Okawaru.
  3355 | D:5      | Found an opulent altar of Gozag.
  3355 | D:5      | Found a stormy altar of Qazlal.
  3381 | D:5      | Became a worshipper of Warmaster Okawaru
  3471 | D:5      | Reached skill level 5 in Unarmed Combat
  3685 | D:5      | Reached skill level 5 in Dodging
  3745 | D:5      | Found a staircase to the Ecumenical Temple.
  3918 | D:5      | Reached * piety under Okawaru
  4208 | D:5      | Reached skill level 6 in Unarmed Combat
  4534 | D:6      | Reached XP level 9. HP: 89/89 MP: 9/9
  4537 | D:6      | Got a coiled jade ring
  4539 | D:6      | Identified the ring "Qiowemp" {+Fly rC+ rN+ Dex+5} (You
                  | found it on level 6 of the Dungeon)
  4580 | D:6      | Found an iron altar of Okawaru.
  4899 | D:6      | Found a runed translucent door.
  4900 | D:6      | Noticed Crazy Yiuf
  5159 | D:6      | Found a glowing silver altar of Zin.
  5449 | D:7      | Reached ** piety under Okawaru
  5529 | D:7      | Got a creamy pearl robe
  5542 | D:7      | Identified the cursed +1 robe "Kyetwi" {*Contam +Fly rPois
                  | rC-} (You found it on level 7 of the Dungeon)
  5666 | D:7      | Reached skill level 7 in Unarmed Combat
  5880 | D:7      | Found Qorew's Antique Weapon Boutique.
  5884 | D:7      | Found Zaukoev's Jewellery Boutique.
  5884 | D:7      | Found Urghoel's Food Boutique.
  5884 | D:7      | Found Owidghid's Antique Weapon Boutique.
  6165 | D:7      | Reached skill level 1 in Invocations
  6421 | D:8      | Found Tuetzam's Book Emporium.
  6578 | D:8      | Found Efanan's Magic Scroll Shoppe.
  6606 | D:8      | Bought a scroll of teleportation for 36 gold pieces
  6606 | D:8      | Bought a scroll of fear for 42 gold pieces
  6606 | D:8      | Bought a scroll of teleportation for 36 gold pieces
  6606 | D:8      | Bought a scroll of magic mapping for 42 gold pieces
  6606 | D:8      | Bought a scroll of identify for 24 gold pieces
  6606 | D:8      | Bought a scroll of identify for 24 gold pieces
  6606 | D:8      | Bought a scroll of identify for 24 gold pieces
  6606 | D:8      | Bought a scroll of identify for 24 gold pieces
  6800 | D:8      | Noticed Psyche
  6894 | D:8      | Killed Psyche
  6894 | D:8      | Reached *** piety under Okawaru
  6894 | D:8      | Reached XP level 10. HP: 90/102 MP: 11/11
  7064 | D:8      | Reached skill level 1 in Evocations
  7577 | D:9      | Noticed a two-headed ogre
  7588 | D:9      | Killed a two-headed ogre
  7588 | D:9      | Reached skill level 8 in Unarmed Combat
  7688 | D:9      | Reached **** piety under Okawaru
  8565 | D:10     | Entered Level 10 of the Dungeon
  8640 | D:10     | Found a stormy altar of Qazlal.
  9088 | D:10     | Found a staircase to the Orcish Mines.
  9178 | D:10     | Killed an unseen horror
  9178 | D:10     | Received a gift from Okawaru
  9255 | D:10     | Reached skill level 9 in Unarmed Combat
  9259 | D:10     | Reached ***** piety under Okawaru
  9262 | D:10     | Received a gift from Okawaru
  9738 | D:11     | Noticed a cyclops
  9746 | D:11     | Killed a cyclops
  9746 | D:11     | Reached XP level 11. HP: 100/113 MP: 10/13
  9757 | D:11     | Killed a two-headed ogre
  9832 | D:11     | Found a runed translucent gate.
  9833 | D:11     | Found a runed translucent gate.
  9833 | D:11     | Found a runed translucent gate.
  9849 | D:11     | Noticed Ablot's ghost (journeyman GnSk)
  9857 | D:11     | Noticed a minotaur
  9870 | D:11     | Found a flagged portal.
  9881 | Bailey   | Entered a bailey
 10207 | Bailey   | Noticed an orc knight
 10253 | Bailey   | Killed an orc knight
 10302 | Bailey   | Noticed an orc knight
 10312 | Bailey   | Killed an orc knight
 10417 | Bailey   | Noticed an orc knight
 10567 | Bailey   | Killed an orc knight
 10618 | D:11     | Noticed a death yak
 10683 | D:11     | Found a staircase to the Lair.
 10719 | D:11     | Noticed a death yak
 10745 | D:11     | Killed a death yak
 10876 | D:11     | Noticed a death yak
 10917 | D:11     | Reached skill level 5 in Evocations
 11064 | D:11     | Reached skill level 5 in Invocations
 11093 | D:11     | Received a gift from Okawaru
 11343 | D:11     | Killed a death yak
 11343 | D:11     | Reached skill level 10 in Unarmed Combat
 11348 | D:11     | Killed a death yak
 11756 | D:12     | Noticed a white ugly thing
 11785 | Lair:1   | Entered Level 1 of the Lair of Beasts
 11898 | Lair:1   | Received a gift from Okawaru
 11940 | Lair:1   | Gained mutation: You tend to lose your temper in combat.
                  | [mutagenic glow]
 11977 | Lair:1   | Noticed an eight-headed hydra
 11990 | Lair:1   | Killed a 14-headed hydra
 11990 | Lair:1   | Reached XP level 12. HP: 124/124 MP: 16/16
 12168 | D:7      | Bought the ring "Inwainan" {rElec rPois AC+1} for 254 gold
                  | pieces
 12509 | Lair:1   | Noticed a four-headed hydra
 12516 | Lair:1   | Killed a four-headed hydra
 12516 | Lair:1   | Reached skill level 1 in Armour
 13152 | Lair:1   | Reached skill level 10 in Fighting
 13152 | Lair:1   | Reached XP level 13. HP: 133/133 MP: 16/18
 14263 | Lair:2   | Reached skill level 5 in Armour
 14571 | Lair:2   | Received a gift from Okawaru
 14807 | Lair:3   | Found a staircase to the Shoals.
 16187 | Lair:4   | Found a hole to the Spider Nest.
 16466 | Lair:4   | Received a gift from Okawaru
 16714 | Lair:4   | Reached XP level 14. HP: 144/144 MP: 19/19
 17089 | Lair:5   | Reached ****** piety under Okawaru
 17133 | Lair:5   | Found a frozen archway.
 17143 | Lair:5   | Received a gift from Okawaru
 17167 | Lair:5   | Received a gift from Okawaru
 17173 | Lair:5   | Got an ancient robe {god gift}
 17185 | Lair:5   | Identified the +2 robe of Tartarus {rElec rC- Str+4}
                  | (Okawaru gifted it to you on level 5 of the Lair of Beasts)
 17203 | IceCv    | Entered an ice cave
 18549 | Lair:5   | Found a staircase to the Slime Pits.
 18550 | Lair:5   | Found a viscous altar of Jiyva.
 19156 | Lair:6   | Entered Level 6 of the Lair of Beasts
 19208 | Lair:6   | Noticed Sonja
 19922 | Lair:6   | Received a gift from Okawaru
 20159 | Lair:6   | Received a gift from Okawaru
 20395 | Lair:6   | Killed Sonja
 20395 | Lair:6   | Reached XP level 15. HP: 156/156 MP: 21/21
 20918 | Orc:1    | Entered Level 1 of the Orcish Mines
 20992 | D:10     | Reached skill level 10 in Invocations
 21439 | Orc:2    | Entered Level 2 of the Orcish Mines
 21439 | Orc:2    | Found a roughly hewn altar of Beogh.
 21742 | Orc:2    | Found a staircase to the Elven Halls.
 21909 | Orc:2    | Reached skill level 11 in Unarmed Combat
 22355 | Orc:2    | Received a gift from Okawaru
 22719 | Orc:2    | Received a gift from Okawaru
 22723 | Orc:2    | Got an ancient longbow {god gift}
 22814 | Orc:2    | Found Qiudgh's Gadget Emporium.
 22814 | Orc:2    | Found Rufau's Antique Weapon Shoppe.
 22815 | Orc:2    | Found Ipatwamm's Distillery.
 22818 | Orc:2    | Found Ufitoom's Book Emporium.
 23010 | Orc:2    | Bought a potion of curing for 45 gold pieces
 23010 | Orc:2    | Bought a potion of curing for 45 gold pieces
 23010 | Orc:2    | Bought a potion of resistance for 150 gold pieces
 23010 | Orc:2    | Bought a potion of curing for 45 gold pieces
 23010 | Orc:2    | Bought a potion of resistance for 150 gold pieces
 23010 | Orc:2    | Bought a potion of curing for 45 gold pieces
 23953 | D:12     | Found an ancient bone altar of Kikubaaqudgha.
 24055 | D:12     | Found Koivi's Gadget Emporium.
 24123 | D:12     | Bought a wand of scattershot (7) for 462 gold pieces
 25229 | D:14     | Reached skill level 12 in Unarmed Combat
 25459 | D:14     | Received a gift from Okawaru
 25711 | D:14     | Found a gate to the Vaults.
 26156 | D:14     | Noticed Josephine
 26164 | D:14     | Killed Josephine
 26454 | D:14     | You fall into a shaft and drop 1 floor!
 26454 | D:15     | Entered Level 15 of the Dungeon
 26454 | D:15     | Found a transporter.
 26598 | D:15     | Paralysed by an ogre mage for 5 turns
 26611 | D:15     | Reached skill level 13 in Unarmed Combat
 26613 | D:15     | Received a gift from Okawaru
 26646 | D:15     | Noticed Jiopn's ghost (adept MiBe)
 26734 | D:15     | Found a transporter.
 26775 | D:15     | Reached XP level 16. HP: 167/167 MP: 20/22
 26865 | D:15     | Received a gift from Okawaru
 26866 | D:15     | Got a steaming dire flail {god gift}
 26947 | D:15     | Lost mutation: You tend to lose your temper in combat.
                  | [potion of mutation]
 26947 | D:15     | Gained mutation: You are partially covered in icy blue
                  | scales. (AC +2) [potion of mutation]
 26947 | D:15     | Gained mutation: Potions are less effective at restoring
                  | your health. [potion of mutation]
 26947 | D:15     | Gained mutation: You have a pair of small horns on your
                  | head. [potion of mutation]
 26947 | D:15     | Gained mutation: You are robust. (+10% HP) [potion of
                  | mutation]
 27104 | D:15     | Found a staircase to the Depths.
 27718 | D:3      | Killed Conn's ghost
 27720 | D:3      | Killed mishael's ghost
 27726 | D:3      | Killed Peloso's ghost
 27732 | D:3      | Killed lolicon's ghost
 27912 | D:6      | Killed Crazy Yiuf
 28467 | D:11     | Killed Ablot's ghost
 28486 | D:11     | Identified the Almanac of Mutagenic Clay
 28600 | Spider:1 | Entered Level 1 of the Spider Nest
 29312 | Spider:1 | Reached skill level 10 in Armour
 29329 | Spider:1 | Reached skill level 14 in Unarmed Combat
 30399 | Spider:2 | Received a gift from Okawaru
 31049 | Spider:2 | Reached skill level 15 in Unarmed Combat
 31658 | Spider:2 | Received a gift from Okawaru
 32455 | Spider:2 | Received a gift from Okawaru
 32455 | Spider:2 | Reached XP level 17. HP: 146/198 MP: 1/23
 32458 | Spider:2 | Got a bone quarterstaff {god gift}
 32459 | Spider:2 | Identified the +9 quarterstaff "Kodomid" {flame, rElec
                  | rPois MR+ Int-4} (Okawaru gifted it to you on level 2 of
                  | the Spider Nest)
 33040 | Spider:3 | Noticed Arachne
 33329 | Spider:3 | Noticed Arachne
 33329 | Spider:3 | Arachne changed into Arachne the fire giant
 33370 | Spider:3 | Killed Arachne the fire giant
 34376 | Spider:4 | Entered Level 4 of the Spider Nest
 34613 | Shoals:1 | Entered Level 1 of the Shoals
 34757 | Shoals:1 | You fall into a shaft and drop 1 floor!
 35000 | Shoals:1 | Received a gift from Okawaru
 35418 | Shoals:1 | Upgraded the game from 0.24-a0-809-g71cb82dfb8 to 0.24-b1
 35562 | Shoals:1 | Reached skill level 15 in Fighting
 36522 | Spider:4 | Received a gift from Okawaru
 36539 | Spider:4 | Got a transparent giant spiked club {god gift}
 36540 | Spider:4 | Identified the +9 giant spiked club "Gaitogas" {vamp,
                  | Dex+7} (Okawaru gifted it to you on level 4 of the Spider
                  | Nest)
 36630 | Spider:4 | Noticed Donald
 36641 | Spider:4 | Killed Donald
 37024 | Spider:4 | Reached skill level 1 in Shields
 37857 | Spider:4 | Received a gift from Okawaru
 37862 | Spider:4 | Got a crude hat {god gift}
 37873 | Spider:4 | Identified the +1 hat of Hiorgh {-Tele rC+ Str+4 Dex+8}
                  | (Okawaru gifted it to you on level 4 of the Spider Nest)
 37946 | Spider:4 | Got a gossamer rune of Zot
 38595 | Spider:4 | Reached XP level 18. HP: 198/212 MP: 24/24
 39158 | Vaults:1 | Entered Level 1 of the Vaults
 39396 | Vaults:1 | Cast into level 2 of the Abyss (a deep elf sorcerer)
 39440 | Abyss:2  | Noticed a hellephant
 39516 | Abyss:2  | Killed a hellephant
 39516 | Abyss:2  | Reached skill level 5 in Shields
 39634 | Vaults:1 | Escaped the Abyss
 39703 | Vaults:1 | Paralysed by an ogre mage for 5 turns
 40125 | Vaults:1 | Identified a scroll of acquirement
 40135 | Vaults:1 | Reached skill level 16 in Unarmed Combat
 40189 | Vaults:1 | Received a gift from Okawaru
 40190 | Vaults:1 | Got a transparent troll leather armour {god gift}
 40352 | Vaults:1 | Identified the +5 troll leather armour of Okawaru's
                  | Condemnation {rElec Regen+ Dex+4} (Okawaru gifted it to you
                  | on level 1 of the Vaults)
 41417 | Vaults:1 | Found a gateway to a bazaar.
 41442 | Bazaar   | Entered a bazaar
 41448 | Bazaar   | Found Guebbozy's Magic Scroll Shop.
 41448 | Bazaar   | Found Saig Civ's Jewellery Boutique.
 41458 | Bazaar   | Bought a cursed amulet of guardian spirit for 243 gold
                  | pieces
 41460 | Bazaar   | Bought a scroll of fog for 20 gold pieces
 41460 | Bazaar   | Bought a scroll of remove curse for 30 gold pieces
 41460 | Bazaar   | Bought a scroll of teleportation for 30 gold pieces
 41460 | Bazaar   | Bought a scroll of identify for 20 gold pieces
 41460 | Bazaar   | Bought a scroll of fear for 35 gold pieces
 41460 | Bazaar   | Bought a scroll of identify for 20 gold pieces
 43135 | Vaults:2 | Found Ynki's Book Boutique.
 43171 | Vaults:2 | Noticed Frederick
 43180 | Vaults:2 | Killed Frederick
 43180 | Vaults:2 | Reached XP level 19. HP: 142/224 MP: 10/25
 43429 | Vaults:2 | Found a runed translucent door.
 43429 | Vaults:2 | Noticed DEFE's ghost (adept DsFi)
 43520 | Vaults:2 | Received a gift from Okawaru
 44072 | Vaults:3 | Reached skill level 10 in Throwing
 44073 | Vaults:3 | Noticed Jory
 44107 | Vaults:3 | Killed Jory
 44107 | Vaults:3 | Received a gift from Okawaru
 44331 | Vaults:3 | Found a staircase to the Crypt.
 44351 | Vaults:3 | Noticed Asterion
 44358 | Vaults:3 | Killed Asterion
 44532 | Vaults:3 | Reached skill level 10 in Shields
 44661 | Vaults:3 | Found Binetet's Magic Scroll Shop.
 44888 | Vaults:3 | Bought a scroll of fear for 80 gold pieces
 44888 | Vaults:3 | Bought a scroll of magic mapping for 80 gold pieces
 44888 | Vaults:3 | Bought a scroll of teleportation for 69 gold pieces
 44888 | Vaults:3 | Bought a scroll of teleportation for 69 gold pieces
 45045 | Vaults:3 | Received a gift from Okawaru
 45547 | Vaults:3 | Noticed Margery
 45576 | Vaults:3 | Killed Margery
 45684 | Vaults:3 | Reached XP level 20. HP: 212/234 MP: 24/26
 45836 | Vaults:3 | Found a glowing golden altar of the Shining One.
 45919 | Vaults:3 | Received a gift from Okawaru
 46370 | Vaults:3 | Received a gift from Okawaru
 46710 | Vaults:4 | Found Hagios's Distillery.
 46783 | Vaults:4 | Bought 2 potions of curing for 84 gold pieces
 46783 | Vaults:4 | Bought a potion of mutation for 112 gold pieces
 46783 | Vaults:4 | Bought a potion of cancellation for 112 gold pieces
 46783 | Vaults:4 | Bought a potion of curing for 42 gold pieces
 46783 | Vaults:4 | Bought a potion of curing for 42 gold pieces
 46783 | Vaults:4 | Bought a potion of heal wounds for 70 gold pieces
 46783 | Vaults:4 | Bought a potion of curing for 42 gold pieces
 46845 | Vaults:4 | Received a gift from Okawaru
 47224 | Vaults:4 | Received a gift from Okawaru
 47882 | Vaults:4 | Reached skill level 15 in Shields
 48158 | Vaults:4 | Found a runed translucent gate.
 48158 | Vaults:4 | Found a runed translucent gate.
 48158 | Vaults:4 | Found a runed translucent gate.
 48158 | Vaults:4 | Noticed Ruit's ghost (veteran MiFi)
 48158 | Vaults:4 | Noticed Taschum's ghost (adept DrAK)
 48159 | Vaults:4 | Noticed Ruit's ghost (veteran MiFi)
 48159 | Vaults:4 | Noticed Qyisuosupp's ghost (adept MiBe)
 48219 | Vaults:4 | Found Zedagore's Armour Shoppe.
 48228 | Vaults:4 | Bought a +0 hat of magic resistance for 165 gold pieces
 48260 | Vaults:4 | Found Nihesoxene's Weapon Shop.
 48373 | Vaults:4 | Received a gift from Okawaru
 48488 | Vaults:4 | Received a gift from Okawaru
 49104 | Shoals:1 | Found a large runed translucent door.
 49105 | Shoals:1 | Found a large runed translucent door.
 49107 | Shoals:1 | Noticed mitkoXXVII's ghost (adept GrFi)
 49283 | Shoals:1 | Killed mitkoXXVII's ghost
 49576 | Shoals:2 | Reached XP level 21. HP: 223/244 MP: 22/27
 49868 | Shoals:2 | Found a shimmering altar of Xom.
 50833 | Shoals:4 | Entered Level 4 of the Shoals
 50835 | Shoals:4 | Noticed Aizul
 50838 | Shoals:4 | Noticed Nikola
 50847 | Shoals:4 | Killed Aizul
 50856 | Shoals:4 | Killed Nikola
 50929 | Shoals:4 | Received a gift from Okawaru
 51465 | Shoals:4 | Identified the +9 long sword "Elos" {slice, rC+}
 51495 | Shoals:4 | Received a gift from Okawaru
 52339 | Shoals:4 | Got a barnacled rune of Zot
 52372 | Shoals:4 | Noticed Polyphemus
 52396 | Shoals:4 | Killed Polyphemus
 53248 | Depths:1 | Entered Level 1 of the Depths
 53256 | Depths:1 | Received a gift from Okawaru
 53387 | Depths:1 | Got a fine large shield {god gift}
 53401 | D:15     | Identified the -5 large shield of Quantum Leap {SInv}
                  | (Okawaru gifted it to you on level 1 of the Depths)
 53414 | Depths:1 | Cast into level 4 of the Abyss (a lich)
 53414 | Vaults:5 | Entered Level 5 of the Vaults
 53650 | Abyss:4  | Noticed a profane servitor
 53660 | Depths:1 | Escaped the Abyss
 53834 | Depths:1 | Reached skill level 17 in Unarmed Combat
 54054 | Depths:1 | Identified the +10 broad axe of Mudoyraoloq {flame, rElec}
 54407 | Depths:1 | Found a gateway to Hell.
 54546 | Depths:1 | Identified Anaron's Compendium of the Cloudy Snowflakes
 54977 | Depths:1 | Reached XP level 22. HP: 206/257 MP: 23/28
 55109 | Depths:2 | Received a gift from Okawaru
 55262 | Depths:2 | Found a runed translucent gate.
 55262 | Depths:2 | Found a runed translucent gate.
 55262 | Depths:2 | Found a runed translucent gate.
 55267 | Depths:2 | Noticed Jeurphysk's ghost (adept GrEE)
 55730 | Depths:2 | Reached skill level 10 in Dodging
 56097 | Depths:2 | Received a gift from Okawaru
 56098 | Depths:2 | Found the +8 demon blade "Leech" {vamp, rN+ AC-3 EV-3}
 56422 | Depths:2 | Noticed a juggernaut
 56440 | Depths:2 | Killed a juggernaut
 56440 | Depths:2 | Received a gift from Okawaru
 56727 | Depths:2 | Identified the Almanac of the Cankerous Arsonist
 56814 | Depths:2 | Killed Jeurphysk's ghost
 56814 | Depths:2 | Received a gift from Okawaru
 56906 | Depths:3 | Reached skill level 18 in Unarmed Combat
 57148 | Depths:3 | Received a gift from Okawaru
 57296 | Depths:3 | Received a gift from Okawaru
 57635 | Depths:3 | Reached XP level 23. HP: 259/269 MP: 27/29
 57810 | Depths:3 | Found a one-way gate leading to the halls of Pandemonium.
 58402 | Depths:3 | Found a gateway to a ziggurat.
 58731 | Depths:4 | Reached skill level 10 in Evocations
 59017 | Depths:4 | Received a gift from Okawaru
 59530 | Depths:4 | Noticed a caustic shrike
 59542 | Depths:4 | Killed a caustic shrike
 59542 | Depths:4 | Received a gift from Okawaru
 59698 | Depths:4 | Received a gift from Okawaru
 59698 | Depths:4 | Reached skill level 19 in Unarmed Combat
 59792 | Depths:4 | Noticed a juggernaut
 59804 | Depths:4 | Killed a juggernaut
 59935 | Depths:4 | Found a one-way gate to the infinite horrors of the Abyss.
 60062 | Depths:5 | Entered Level 5 of the Depths
 60062 | Depths:5 | Found a snail-covered altar of Cheibriados.
 61301 | Depths:5 | Reached XP level 24. HP: 253/281 MP: 29/29
 61673 | Depths:5 | Found a gate to the Realm of Zot.
 61748 | Depths:5 | Found a portal to a secret trove of treasure.
 62284 | Depths:5 | Received a gift from Okawaru
 62648 | Vaults:5 | Entered Level 5 of the Vaults
 62803 | Vaults:5 | Received a gift from Okawaru
 62873 | Vaults:5 | Found Xyluveqe's Armour Shop.
 62899 | Vaults:5 | Reached skill level 20 in Unarmed Combat
 63032 | Vaults:5 | Received a gift from Okawaru
 63190 | Vaults:5 | Noticed an ancient lich
 63203 | Vaults:5 | Killed an ancient lich
 63364 | Vaults:5 | Found the +1 cloak of Starlight {rElec rC+ EV+4 Stlth--}
 63398 | Vaults:5 | Identified the amulet "Ahuqu" {Gourm rC+}
 63590 | Vaults:5 | Identified the cursed +1 morningstar of Uncertain Death
                  | {distort, rC+}
 63616 | Vaults:5 | Got a silver rune of Zot
 63839 | Vaults:5 | Identified the ring "Dufeit" {rPois rC+ Stlth-}
 64249 | Vaults:5 | Found Eviz's General Store.
 64263 | Vaults:5 | Received a gift from Okawaru
 64304 | Vaults:5 | Found the +2 shield of Resistance {rF+ rC+ MR+}
 64384 | Vaults:5 | Identified the +2 chain mail "Jorecl Astry" {rF+ rN+ MP+9
                  | Slay+2}
 64492 | Vaults:5 | Reached XP level 25. HP: 293/293 MP: 29/29
 64658 | Vaults:5 | Identified the amulet "Tajunla" {RegenMP MP+9 Str+2 Slay+3}
 64905 | Vaults:5 | Reached skill level 21 in Unarmed Combat
 65116 | Vaults:5 | Identified the Volume of the Volcanoes and Transmutation
 65479 | Zot:1    | Entered Level 1 of the Realm of Zot
 65482 | Zot:1    | Noticed an orb of fire
 65483 | Zot:1    | Noticed an orb of fire
 65483 | Zot:1    | Noticed an orb of fire
 65483 | Zot:1    | Noticed an orb of fire
 65490 | Zot:1    | Gained mutation: Your spells are a little harder to cast,
                  | but a little more powerful. [an orb of fire]
 65510 | Depths:5 | Killed an orb of fire
 65523 | Zot:1    | Gained mutation: Your magical capacity is low. (-10% MP)
                  | [an orb of fire]
 65531 | Depths:5 | Killed an orb of fire
 65531 | Depths:5 | Received a gift from Okawaru
 65538 | Depths:5 | Lost mutation: You have a pair of small horns on your head.
                  | [an orb of fire]
 65547 | Depths:5 | Killed an orb of fire
 65573 | Zot:1    | Gained mutation: You are clumsy. (Dex -2) [an orb of fire]
 65581 | Zot:1    | Killed an orb of fire
 66397 | Zot:4    | Noticed an orb of fire
 66397 | Zot:4    | Lost mutation: Your magical capacity is low. (-10% MP) [an
                  | orb of fire]
 66411 | Zot:4    | Killed an orb of fire
 66424 | Zot:5    | Entered Level 5 of the Realm of Zot
 66815 | Zot:5    | Noticed an ancient lich
 66821 | Zot:5    | Noticed an orb of fire
 66828 | Zot:5    | Killed an ancient lich
 66828 | Zot:5    | Received a gift from Okawaru
 66828 | Zot:5    | Reached skill level 22 in Unarmed Combat
 66837 | Zot:5    | Gained mutation: Your magical capacity is low. (-10% MP)
                  | [an orb of fire]
 66842 | Zot:5    | Killed an orb of fire
 66842 | Zot:5    | Received a gift from Okawaru
 67004 | Zot:5    | Noticed an orb of fire
 67011 | Zot:5    | Gained mutation: Your body sometimes deteriorates upon
                  | taking damage. [an orb of fire]
 67013 | Zot:5    | Gained mutation: Your magical capacity is very low. (-20%
                  | MP) [an orb of fire]
 67017 | Zot:5    | Killed an orb of fire
 67036 | Zot:5    | Noticed a Killer Klown
 67044 | Zot:5    | Killed a Killer Klown
 67045 | Zot:5    | Noticed an ancient lich
 67054 | Zot:5    | Reached skill level 15 in Armour
 67058 | Zot:5    | Noticed an orb of fire
 67062 | Zot:5    | Noticed a Killer Klown
 67069 | Zot:5    | Reached XP level 26. HP: 282/306 MP: 21/23
 67071 | Zot:5    | Killed an ancient lich
 67071 | Zot:5    | Noticed an orb of fire
 67072 | Zot:5    | Gained mutation: Potions are poor at restoring your health.
                  | [an orb of fire]
 67073 | Zot:5    | Noticed an orb of fire
 67074 | Zot:5    | Gained mutation: You tend to lose your temper in combat.
                  | [an orb of fire]
 67076 | Zot:5    | Gained mutation: Potions cannot restore your health. [an
                  | orb of fire]
 67079 | Zot:5    | Noticed an orb of fire
 67082 | Zot:5    | Gained mutation: Scrolls take you a little longer to read.
                  | [an orb of fire]
 67082 | Zot:5    | Noticed an orb of fire
 67084 | Zot:5    | Noticed an ancient lich
 67085 | Zot:5    | Killed an orb of fire
 67086 | Zot:5    | Noticed an orb of fire
 67086 | Zot:5    | Gained mutation: Armour fits poorly on your strangely
                  | shaped body. [an orb of fire]
 67093 | Zot:5    | Killed an orb of fire
 67093 | Zot:5    | Received a gift from Okawaru
 67100 | Zot:5    | Gained mutation: You are dopey. (Int -2) [an orb of fire]
 67101 | Zot:5    | Killed an orb of fire
 67104 | Zot:5    | Gained mutation: You are occasionally teleported next to
                  | monsters. [an orb of fire]
 67111 | Zot:5    | Killed an orb of fire
 67111 | Zot:5    | Gained mutation: You occasionally shout uncontrollably at
                  | your foes. [an orb of fire]
 67114 | Zot:5    | Killed an orb of fire
 67130 | Zot:5    | Killed an orb of fire
 67145 | Zot:5    | Received a gift from Okawaru
 67145 | Zot:5    | HP: 8/306 [Orb Guardian (19)]
 67145 | Zot:5    | Mangled by an Orb Guardian

Skill      XL: |  1  2  3  4  5  6  7  8  9 10 11 12 13 14 15 16 17 18 19 20 21 22 23 24 25 26 |
---------------+-------------------------------------------------------------------------------+-----
Unarmed Combat | 1 3 4 6 7 9 10 13 15 16 17 18 19 20 22 | 22.0
Fighting       | 1 2 3 4 5 6 7 8 9 10 11 12 14 15 16 17 18 19 | 19.0
Throwing       | 1 2 4 6 8 9 10 | 10.6
Dodging        | 3 5 9 10 12 13 14 | 14.5
Invocations    | 3 7 8 9 10 | 10.2
Evocations     | 4 5 7 8 10 | 10.0
Armour         | 3 6 8 9 10 11 12 13 15 | 15.9
Shields        | 4 8 12 15 | 15.0
Stealth        | |  1.0
Spellcasting   | |  1.2
Conjurations   | |  0.6
Poison Magic   | |  2.1

Action                   |  1- 3 |  4- 6 |  7- 9 | 10-12 | 13-15 | 16-18 | 19-21 | 22-24 | 25-27 || total
-------------------------+-------+-------+-------+-------+-------+-------+-------+-------+-------++-------
Melee: Unarmed           |    98 |   233 |   459 |   458 |  1427 |  1380 |  1698 |  1668 |   431 ||  7852
       Punch             |       |     3 |    16 |    27 |   116 |    80 |       |       |       ||   242
       Lajatang          |       |       |       |       |     1 |       |       |       |       ||     1
       Headbutt          |       |       |       |       |       |   401 |   545 |   576 |    38 ||  1560
Throw: Dart              |     5 |       |    66 |    65 |     8 |    43 |     2 |       |       ||   189
       Stone             |       |     7 |    54 |    84 |    32 |    10 |       |       |       ||   187
       Javelin           |       |       |       |       |   117 |    91 |   276 |    97 |       ||   581
       Large rock        |       |       |       |       |    48 |   120 |    24 |    36 |       ||   228
       Throwing net      |       |       |       |       |     2 |       |       |     1 |       ||     3
Invok: Heroism           |       |       |       |     8 |    31 |    34 |    20 |    14 |     9 ||   116
       Finesse           |       |       |       |       |     1 |     3 |     4 |     5 |     5 ||    18
 Abil: Evoke Berserk Rag |       |       |       |       |    14 |    12 |       |       |       ||    26
       Evoke Flight      |       |       |       |       |       |     1 |     4 |       |       ||     5
Evoke: Wand              |       |       |     2 |    15 |     3 |    27 |     1 |    24 |     4 ||    76
       Lightning rod     |       |       |       |       |       |     4 |       |       |       ||     4
       Phial of floods   |       |       |       |       |       |       |       |       |     1 ||     1
  Use: Scroll            |       |     7 |     6 |    15 |    16 |    13 |    11 |    10 |    11 ||    89
       Potion            |       |       |       |     2 |     1 |    15 |     1 |       |     9 ||    28
 Stab: Sleeping          |       |     1 |     1 |     1 |     2 |       |       |       |       ||     5
       Distracted        |       |     1 |     1 |       |     1 |       |     1 |     1 |     2 ||     7
       Paralysed         |       |       |       |    28 |     2 |     5 |       |     1 |       ||    36
       Petrified         |       |       |       |       |       |       |     3 |     1 |       ||     4
  Eat: Chunk             |    11 |    17 |    38 |    57 |   139 |   131 |   105 |    90 |    22 ||   610
       Ration            |       |       |     1 |       |       |     9 |       |       |       ||    10
Armor: Robe              |    43 |   129 |   170 |    88 |       |       |       |       |       ||   430
       Troll leather arm |       |       |       |    14 |   296 |     9 |       |       |       ||   319
       Fire dragon scale |       |       |       |       |   360 |  1068 |   441 |   242 |       ||  2111
       Gold dragon scale |       |       |       |       |       |       |       |   117 |    72 ||   189
Dodge: Dodged            |    42 |   149 |   265 |   285 |   758 |   783 |   356 |   411 |   124 ||  3173
Block: Shield            |       |       |       |       |       |   269 |       |       |       ||   269
       Large shield      |       |       |       |       |       |    14 |  1429 |  1278 |   332 ||  3053
       Reflection        |       |       |       |       |       |    12 |       |       |     1 ||    13
